 Dungeon Crawl Stone Soup version 0.30-a0-4-ga7cffc901d (webtiles) character file.

Game seed: 7410607547637856953

166 SensoryNuts the Chopper (level 5, -4/69 HPs)
             Began as a Draconian Fighter on Aug 21, 2022.
             Slain by a sky beast (6 damage)
             ... on level 4 of the Dungeon.
             The game lasted 00:04:40 (3676 turns).

SensoryNuts the Chopper (Draconian Fighter)         Turns: 3676, Time: 00:04:40

Health: -4/69      AC:  7    Str: 23 (26) XL:     5   Next: 22%
Magic:  5/5        EV: 11    Int:  9      God:
Gold:   94         SH:  4    Dex:  7 (10) Spells: 4/4 levels left

rFire   . . .      SeeInvis .    a - +0 war axe
rCold   . . .      Faith    .    b - +0 buckler
rNeg    . . .      Spirit   .    (body armour unavailable)
rPois   .          Reflect  .    (helmet restricted)
rElec   .          Harm     .    o - +0 cloak
rCorr   .          Rampage  .    k - +0 pair of gloves
Will    .....                    (no boots)
Stlth   ..........               m - amulet of magic regeneration
HPRegen 0.21/turn                l - +6 ring of strength
MPRegen 0.49/turn                (no ring)

@: berserking, very quick
A: AC +5, unfitting armour, cold-blooded
a: no special abilities


You were on level 4 of the Dungeon.
You visited 1 branch of the dungeon, and saw 4 of its levels.

You collected 94 gold pieces.

Inventory:

Hand Weapons
 a - a +0 war axe (weapon)
Missiles
 h - 2 throwing nets (quivered)
Armour
 b - a +0 buckler (worn)
 k - a +0 pair of gloves (worn)
 o - a +0 cloak (worn)
Jewellery
 l - a +6 ring of strength (left hand)
 m - an amulet of magic regeneration (around neck)
 n - a ring of fire
Scrolls
 d - a scroll of enchant armour
 e - 4 scrolls of teleportation
 f - a scroll of noise
 j - a scroll of vulnerability
 q - a scroll of fog {unknown}
 r - a scroll of magic mapping
 v - a scroll of immolation {unknown}
 w - a scroll of identify
Potions
 i - a potion of degeneration
 t - 3 potions of ambrosia {unknown}
 u - a potion of lignification {unknown}


   Skills:
 + Level 3.8 Fighting
 * Level 4.0 Axes
 + Level 3.5 Dodging
 + Level 1.0 Stealth
 + Level 3.3 Shields


You had 4 spell levels left.
You didn't know any spells.
Your spell library contained the following spells:

 Spells                   Type           Power      Damage    Failure   Level
 Shock                    Conj/Air       0%         1d3       47%         1
 Sting                    Tmut/Pois      0%         1d3       47%         1
 Poisonous Vapours        Pois/Air       0%         N/A       63%         2
 Portal Projectile        Hex/Tloc       0%         N/A       85%         3
 Swiftness                Air            0%         N/A       85%         3
 Tukima's Dance           Hex            0%         N/A       85%         3
 Airstrike                Air            0%         2d(0-16)  99%         4
 Olgreb's Toxic Radiance  Pois           0%         N/A       99%         4
 Blade Hands              Tmut           0%         N/A       100%        5


Dungeon Overview and Level Annotations

Branches:
Dungeon (4/15)
 Temple: D:4-7

Altars:

Shops:
D:3 *

Annotations:
D:4 Menkaure


Innate Abilities, Weirdness & Mutations

Your plain brown scales are hard. (AC +5)
You cannot fit into any form of body armour.
You are cold-blooded and may be slowed by cold attacks.


Message History

The sky beast flickers out of sight!
Deactivating autopickup; reactivate with Ctrl-A.
Something hits you but does no damage.
You miss something. Something hits you.
* * * LOW HITPOINT WARNING * * *
Something shocks you.
* * * LOW HITPOINT WARNING * * *
Menkaure blazes with dark energy!
You feel better.
A sky beast appears from thin air!
Reactivating autopickup.
The sky beast hits you but does no damage.
You feel better. The sky beast hits you. The sky beast shocks you.
You slash Menkaure!
Menkaure is severely damaged.
You barely miss the sky beast. The sky beast closely misses you.
Menkaure gestures at you while chanting.
Pain shoots through your body!
* * * LOW HITPOINT WARNING * * *
The sky beast attacks as you move away! The sky beast closely misses you.
The sky beast attacks as you move away! The sky beast hits you.
* * * LOW HITPOINT WARNING * * *
The sky beast shocks you.
* * * LOW HITPOINT WARNING * * *
It was a potion of cancellation.
Your magical effects are unravelling.
You feel magically purged.
You feel a little less mighty now.
The sky beast hits you but does no damage.
Menkaure mumbles some strange words.
Menkaure seems to speed up.
It was a potion of berserk rage.
A red film seems to cover your vision as you go berserk!
You feel yourself moving faster!
You feel mighty! You block the sky beast's attack.
You barely miss the sky beast.
The sky beast is severely wounded.
The sky beast hits you.
* * * LOW HITPOINT WARNING * * *
The sky beast shocks you.
You die...

#....†.).#..........
######.†............ #######
###..#.##..........
#.....####...##.##..........
..###..##..####.##..........
.##<##....#####............#
.#...#.#####....M#).........
.#.♣.#.# #..###Y#(....(....
.#(..#.. . #@#..........
.##.##.# #.#.........#
.##.####### #.#....w.[..#
.#...##...## #.##.......##
.'.♣....♣.># #.##...$..##
##...##...## #.##......w..
##)####### #..~........w
##.## ####....##### #...#
#....#


You could see a sky beast and Menkaure (fast).

Vanquished Creatures
  4 adders
  3 gnolls (D:2)
  An ufetubus (D:3)
  2 worms
  A dart slug (D:1)
  5 orcs (D:3)
  12 bats
  6 endoplasms
  5 giant cockroaches
  6 goblins
  7 hobgoblins
  3 jackals
  8 kobolds
  3 quokkas
  5 ball pythons
  4 frilled lizards
  4 rats
79 creatures vanquished.

Notes
Turn   | Place    | Note
-------+----------+-------------------------------------------
     0 | D:1      | SensoryNuts the Draconian Fighter began the quest for the
                  | Orb.
     0 | D:1      | Reached XP level 1. HP: 19/19 MP: 1/1
    14 | D:1      | You fall into a shaft and drop 1 floor!
   422 | D:1      | Reached XP level 2. HP: 23/26 MP: 2/2
   825 | D:1      | Found a faded altar of an unknown god.
  1271 | D:1      | Reached XP level 3. HP: 31/31 MP: 3/3
  1643 | D:2      | Reached skill level 3 in Axes
  1643 | D:2      | Reached XP level 4. HP: 39/40 MP: 4/4
  2717 | D:3      | Reached skill level 1 in Stealth
  3240 | D:3      | Found Ziargh's Assorted Antiques.
  3319 | D:3      | Reached XP level 5. HP: 41/46 MP: 5/5
  3617 | D:4      | Reached skill level 4 in Axes
  3656 | D:4      | Noticed Menkaure
  3657 | D:4      | Noticed a sky beast
  3672 | D:4      | HP: 1/46 [sky beast (6)]
  3676 | D:4      | Slain by a sky beast

Illustrated notes

Levels and vault maps discovered:
D:1:      co_arrival_random_square_maze, layout_loops_corners,
          chequers_ecumenical_altar_simple
D:2:      layout_basic, serial_glass, glass_columns_a, glass_columns_a,
          due_unseen_surprise, dk_noncrumbling_4
D:3:      layout_basic, serial_shops, nicolae_lakefront_shop,
          minmay_diced_spiral
D:4:      layout_rooms, grunt_ministairs_5, uniq_menkaure,
          uniq_crazy_yiuf_cottage

Skill      XL: |  1  2  3  4  5 |
---------------+----------------+-----
Dodging        | 3 |  3.5
Axes           | 3 4 |  4.0
Stealth        | 1 |  1.0
Fighting       | |  3.8
Shields        | |  3.3

Action                   |  1- 3 |  4- 6 || total
-------------------------+-------+-------++-------
Melee: War axe           |    88 |   130 ||   218
       Tailslap          |    10 |    14 ||    24
  Use: Scroll            |     3 |     2 ||     5
       Potion            |     3 |     6 ||     9
 Stab: Sleeping          |     2 |     2 ||     4
Armor: Skin              |    29 |    52 ||    81
Dodge: Dodged            |    67 |   113 ||   180
Block: Buckler           |    25 |    27 ||    52

Table legend: (Time is in decaauts)
 A = Elapsed time spent in this place.
 B = Non-inter-level travel time spent in this place.
 C = Inter-level travel time spent in this place.
 D = Time resting spent in this place.
 E = Time spent auto-exploring this place.
 F = Levels seen in this place.
 G = Mean time per level.
                   A        B        C        D        E       F      G
               +--------+--------+--------+--------+--------+-----+--------+
         Total |   3759 |   3562 |    197 |      0 |   2939 |   4 |  939.8 |
       Dungeon |   3759 |   3562 |    197 |      0 |   2939 |   4 |  939.8 |
               +--------+--------+--------+--------+--------+-----+--------+

Top non-repeatable levels by time:
     D:1: 1294 daAuts
     D:2: 1243 daAuts
     D:3: 1041 daAuts
     D:4: 180 daAuts
